 Dungeon Crawl Stone Soup version 0.22-a0-348-gd16d139 (webtiles) character file.

4204 Deeps the Cleaver (level 10, -9/65 HPs)
             Began as a Gargoyle Fighter on Apr 8, 2018.
             Was a Believer of Okawaru.
             Killed from afar by a steam dragon (13 damage)
             ... with a ball of steam
             ... on level 8 of the Dungeon.
             The game lasted 00:15:37 (8106 turns).

Deeps the Cleaver (Gargoyle Fighter)                Turns: 8106, Time: 00:15:38

Health: -9/65      AC: 23    Str: 23    XL:     10   Next: 29%
Magic:  10/10      EV:  7    Int:  9    God:    Okawaru [**....]
Gold:   570        SH:  0    Dex:  9    Spells: 9/9 levels left

rFire    . . .     SeeInvis .   a - +1 war axe
rCold    . . .     Gourm    .   (no shield)
rNeg     + . .     Faith    .   o - +0 plate armour
rPois    ∞         Spirit   .   g - +1 helmet
rElec    +         Reflect  .   w - +0 cloak {+Inv}
rCorr    .         Harm     .   m - +0 pair of gloves
MR       .....                  (no boots)
Stlth    ..........             (no amulet)
HPRegen  0.20/turn              h - ring of flight {+Fly, !d}
MPRegen  0.12/turn              (no ring)

@: no status effects
A: negative energy resistance 1, electricity resistance, unbreathing,
petrification resistance, rot immunity, AC +7
a: Heroism, Renounce Religion, Evoke Invisibility, Evoke Flight


You were on level 8 of the Dungeon.
You worshipped Okawaru.
Okawaru was pleased with you.
You were hungry.

You visited 1 branch of the dungeon, and saw 8 of its levels.
You also visited: Sewer.

You collected 570 gold pieces.

Inventory:

Hand Weapons
 a - a +1 war axe (weapon)
 v - a +1 dire flail of holy wrath
   (You took it off Edmund on level 6 of the Dungeon)
Missiles
 s - 6 curare-tipped needles
Armour
 g - a +1 helmet (worn)
   (You found it on level 3 of the Dungeon)
 m - a +0 pair of gloves (worn)
   (You found it on level 1 of the Dungeon)
 o - a +0 plate armour (worn)
   (You found it on level 2 of the Dungeon)
 t - +0 acid dragon scales
   (You found it on level 7 of the Dungeon)
 w - a +0 cloak of invisibility (worn)
   (You took it off Maurice on level 8 of the Dungeon)
 D - a +0 cloak
   (You took it off Crazy Yiuf on level 7 of the Dungeon)
Jewellery
 h - a ring of flight (left hand) {+Fly, !d}
   (You found it on level 4 of the Dungeon)
Wands
 n - a wand of acid (11)
   (You found it on level 6 of the Dungeon)
 p - a wand of flame (59)
   (You took it off a centaur on level 6 of the Dungeon)
 x - a wand of disintegration (8) {@e1}
   (You took it off Maurice on level 8 of the Dungeon)
Scrolls
 c - 2 scrolls of teleportation
 e - 2 scrolls of amnesia
 i - 6 scrolls of identify
 l - 2 scrolls of fog
 q - 3 scrolls of remove curse
Potions
 b - a potion of brilliance
 d - a potion of might
 k - 4 potions of curing
 r - a potion of cancellation
 u - a potion of mutation {unknown}
 z - a potion of invisibility {unknown}
 A - a potion of magic
 E - a potion of lignification {unknown}
Comestibles
 f - 9 rations {@e1}


   Skills:
 + Level 8.9 Fighting
 + Level 11.3 Axes
 - Level 3.2 Armour
 + Level 1.1 Dodging
 + Level 1.3 Stealth
   Level 3.2 Shields


You had 9 spell levels left.
You didn't know any spells.

Dungeon Overview and Level Annotations

Branches:
Dungeon (8/15)             Temple (0/1) D:7
   Lair: D:8-11

Altars:
Elyvilon
Gozag
Makhleb
Okawaru
Xom
Yredelemnul

Shops:
D:7 ?


Innate Abilities, Weirdness & Mutations

You are resistant to torment.
Your stone body is resilient. (AC +7)
You are immune to poison.
You resist negative energy. (rN+)
You are resistant to electric shocks. (rElec)
You can survive without breathing.
You are immune to petrification.
You are immune to rotting.


Message History

You are too injured to fight recklessly!
You are too injured to fight recklessly!
You are too injured to fight recklessly!
You are too injured to fight recklessly!
You are too injured to fight recklessly!
You are too injured to fight recklessly!
Unknown command.
You are too injured to fight recklessly!
Unknown command.
You are too injured to fight recklessly!
The fungus is engulfed in a cloud of scalding steam.
The steam dragon bites you but does no damage.
The steam dragon claws you but does no damage.
Unknown command.
You hit the steam dragon. You slash the fungus! You hit the fungus.
You slash the fungus!
You are engulfed in a cloud of scalding steam.
The fungus is engulfed in a cloud of scalding steam. x2
The steam dragon barely misses you. The steam dragon closely misses you.
You take 4 damage, and have 28/65 hp.
You closely miss the steam dragon. You hit the fungus. x3
The steam dragon barely misses you. The steam dragon completely misses you.
You barely miss the steam dragon. You hit the fungus. x2
You slash the fungus!
You destroy the fungus!
The steam dragon breathes steam at you. The ball of steam hits you!
Unknown command.
You hit the steam dragon but do no damage.
You hit the fungus but do no damage. You slash the fungus!
You are engulfed in a cloud of scalding steam.
The fungus is engulfed in a cloud of scalding steam.
The steam dragon barely misses you. The steam dragon claws you.
You take 3 damage, and have 25/65 hp.
Unknown command.
Your plate armour prevents you from hitting the steam dragon.
You slash the fungus! x2
You are engulfed in a cloud of scalding steam.
* * * LOW HITPOINT WARNING * * *
The fungus is engulfed in a cloud of scalding steam.
The steam dragon breathes steam at you. The ball of steam misses you.
You take 11 damage, and have 14/65 hp.
You closely miss the steam dragon. You hit the fungus.
You hit the fungus but do no damage.
The fungus is engulfed in a cloud of scalding steam.
The fungus is destroyed!
The steam dragon bites you.
* * * LOW HITPOINT WARNING * * *
The steam dragon claws you but does no damage.
You take 4 damage, and have 10/65 hp.
Unknown command.
The steam dragon breathes steam at you. The ball of steam hits you!
* * * LOW HITPOINT WARNING * * *
The ball of steam hits the fungus.
You take 5 damage, and have 5/65 hp.
Unknown command.
Quiver which item? (- for none, * to show all) (? for menu, Esc to quit)
Quivering
j - a potion of heal wounds for throwing.
Unknown command.
Unknown command.
Unknown command.
You feel much better.
You are engulfed in a cloud of scalding steam.
The fungus is engulfed in a cloud of scalding steam.
The steam dragon bites you.
The steam dragon claws you but does no damage.
You regained 22 hp, and now have 27/65 hp.
Unknown command.
The fungus is engulfed in a cloud of scalding steam.
The steam dragon bites you.
The steam dragon claws you but does no damage.
You take 4 damage, and have 23/65 hp.
You enter the shallow water.
Moving in this stuff is going to be slow.
The fungus is engulfed in a cloud of scalding steam.
The fungus is destroyed!
The steam dragon bites you but does no damage.
The steam dragon closely misses you. The steam dragon breathes steam at you.
The ball of steam hits you!
* * * LOW HITPOINT WARNING * * *
You take 14 damage, and have 9/65 hp.
MASSIVE DAMAGE!!
The fungus is engulfed in a cloud of scalding steam.
The steam dragon bites you.
* * * LOW HITPOINT WARNING * * *
The steam dragon completely misses you.
You take 5 damage, and have 4/65 hp.
The steam dragon barely misses you.
The steam dragon claws you but does no damage.
You hit the steam dragon.
The steam dragon bites you but does no damage.
The steam dragon claws you but does no damage.
Unknown command.
You barely miss the steam dragon. The steam dragon breathes steam at you.
The ball of steam hits you!
You die...

#.......###########
#.......<.........#
########.....###########.#
.................#### #.# #####
##.........#...###≈^####.# #....
.###############..P≈.≈##.# #.#..
≈PP#######P..≈..P..!.P##.####.#.#
.PP...................P#......#.#
^......≈.P§§≈§≈D@.....≈########.#
≈P≈P≈P.#########≈....PP#.........
#################P..P≈##......###
#...............##≈P.##..........
............(....######.......###
##########.......## #.......#
....# #.........# #.......#
#.(.#####.........# #.......#
..o.'...'.........#####.......###


You could see a steam dragon.

Vanquished Creatures
  Pikel (D:4)
  Maurice (D:8)
  The ghost of Foxy the Ogre Mage, an amateur OgSk of Hepliaklqana (D:4)
  A hippogriff (D:7)
  A wyvern (D:8)
  Eustachio (D:6)
  A steam dragon (D:8)
  Edmund (D:6)
  3 sky beasts
  A black bear (D:7)
  2 orc warriors
  A phantom (D:7)
  An ice beast (D:6)
  2 centaurs
  3 ogres
  3 big kobolds
  A scorpion (D:4)
  A wight (D:5)
  A howler monkey (D:5)
  7 crimson imps
  A centaur zombie (D:6)
  A bullfrog zombie (D:5)
  2 hounds
  Crazy Yiuf (D:7)
  A centaur skeleton (D:4)
  3 orc priests
  A bullfrog skeleton (D:7)
  An orc wizard (D:8)
  An iguana (D:7)
  4 worker ants
  A killer bee zombie (D:5)
  2 worker ant zombies (D:7)
  Robin (D:4)
  14 adders
  A river rat (Sewer)
  3 oozes
  2 adder skeletons
  13 worms
  A dart slug (D:2)
  12 leopard geckos
  13 orcs
  7 giant cockroaches
  18 goblins
  9 hobgoblins
  10 jackals
  2 quokkas
  8 ball pythons
  6 bats
  5 frilled lizards
  2 jackal zombies (D:5)
  24 kobolds
  2 leopard gecko skeletons
  7 rats
  A fungus (D:8)
214 creatures vanquished.

Vanquished Creatures (others)
  2 fungi (D:8)
2 creatures vanquished.

Grand Total: 216 creatures vanquished

Notes
Turn   | Place    | Note
-------+----------+-------------------------------------------
     0 | D:1      | Deeps the Gargoyle Fighter began the quest for the Orb.
     0 | D:1      | Reached XP level 1. HP: 14/14 MP: 1/1
   155 | D:1      | Reached XP level 2. HP: 20/20 MP: 2/2
   204 | D:1      | Reached skill level 2 in Axes
   646 | D:2      | Reached XP level 3. HP: 22/24 MP: 3/3
   652 | D:2      | Reached skill level 4 in Fighting
   707 | D:2      | Found an opulent altar of Gozag.
   709 | D:2      | Found a faded altar of an unknown god.
   727 | D:2      | Found a burning altar of Makhleb.
   774 | D:2      | Found a basalt altar of Yredelemnul.
   857 | D:2      | Reached XP level 4. HP: 25/30 MP: 4/4
   944 | D:2      | Found a white marble altar of Elyvilon.
  1073 | D:2      | Reached skill level 3 in Axes
  1767 | D:3      | Found a glowing drain.
  1788 | Sewer    | Entered a sewer
  1828 | Sewer    | Noticed a big kobold
  1864 | Sewer    | Killed a big kobold
  1864 | Sewer    | Reached XP level 5. HP: 23/34 MP: 5/5
  1944 | Sewer    | Reached skill level 4 in Axes
  2186 | Sewer    | Reached XP level 6. HP: 38/40 MP: 6/6
  2228 | Sewer    | Reached skill level 5 in Fighting
  2395 | Sewer    | Reached skill level 5 in Axes
  3286 | D:4      | HP: 9/40 [ogre/giant spiked club (4)]
  3287 | D:4      | Reached XP level 7. HP: 10/44 MP: 7/7
  3517 | D:4      | Noticed Foxy's ghost (amateur OgSk)
  3529 | D:4      | Killed Foxy's ghost
  3529 | D:4      | Reached skill level 6 in Axes
  3921 | D:4      | Noticed Robin
  3931 | D:4      | Killed Robin
  3958 | D:4      | Noticed Pikel
  4035 | D:4      | Killed Pikel
  4035 | D:4      | Reached skill level 6 in Fighting
  4035 | D:4      | Reached skill level 7 in Axes
  4035 | D:4      | Reached skill level 1 in Stealth
  4035 | D:4      | Reached XP level 8. HP: 36/52 MP: 8/8
  4104 | D:4      | Reached skill level 8 in Axes
  4479 | D:5      | Entered Level 5 of the Dungeon
  4743 | D:5      | Found a shimmering altar of Xom.
  4834 | D:5      | Reached XP level 9. HP: 24/56 MP: 9/9
  4982 | D:5      | Reached skill level 9 in Axes
  4985 | D:5      | Reached skill level 7 in Fighting
  5204 | D:5      | Reached skill level 1 in Dodging
  5468 | D:6      | Found an iron altar of Okawaru.
  5511 | D:6      | Noticed Eustachio
  5519 | D:6      | Became a worshipper of Warmaster Okawaru
  5555 | D:6      | Killed Eustachio
  5560 | D:6      | Noticed Edmund
  5574 | D:6      | Killed Edmund
  5940 | D:7      | Found a staircase to the Ecumenical Temple.
  5989 | D:7      | Reached skill level 8 in Fighting
  5989 | D:7      | Reached skill level 10 in Axes
  6023 | D:7      | Found Ytwaofel's Magic Scroll Boutique.
  6266 | D:7      | Found a runed door.
  6339 | D:7      | Reached * piety under Okawaru
  6752 | D:7      | Noticed Crazy Yiuf
  6756 | D:7      | Killed Crazy Yiuf
  6863 | D:8      | Reached XP level 10. HP: 58/65 MP: 10/10
  7436 | D:8      | Reached skill level 11 in Axes
  7444 | D:8      | HP: 16/65 [orc priest/divine providence (13)]
  7891 | D:8      | Noticed Maurice
  7898 | D:8      | Killed Maurice
  8090 | D:8      | Reached ** piety under Okawaru
  8097 | D:8      | HP: 14/65 [steam dragon] (11)]
  8099 | D:8      | HP: 5/65 [steam dragon/ball of steam (5)]
  8106 | D:8      | Killed from afar by a steam dragon

Vault maps used:
D:1:      onia_arrival_mini_spirals
D:2:      lemuel_round_altar, grunt_temple_overflow_open,
          chequers_ecumenical_altar_simple_redux
D:3:      wad_river_or_something, first_ration, cheibrodos_sewer_entry_bend,
          minmay_misc_feat_iff
D:4:      hex_large, minmay_crossroads, uniq_pikel, uniq_robin
D:5:      cheibrodos_fzero, led_xom_imps
D:6:      grunt_decor_cap, okawaru_trees_2, uniq_eustachio, uniq_edmund
D:7:      temple_hall, serial_shops, shop_scrolls, uniq_crazy_yiuf_cottage
D:8:      kennysheep_steamy, uniq_maurice
Sewer:    sewer_co_tree

Skill      XL: |  1  2  3  4  5  6  7  8  9 10 |
---------------+-------------------------------+-----
Axes           | 2 3 4 5 7 8 10 11 | 11.3
Fighting       | 4 5 6 8 |  8.9
Stealth        | 1 |  1.3
Dodging        | 1 |  1.1
Armour         | |  3.2
Shields        | |  3.2

Action                   |  1- 3 |  4- 6 |  7- 9 | 10-12 || total
-------------------------+-------+-------+-------+-------++-------
Melee: War axe           |   143 |   386 |   366 |   101 ||   996
Invok: Heroism           |       |       |       |     1 ||     1
  Use: Potion            |       |     6 |     3 |     2 ||    11
       Scroll            |       |     5 |     8 |       ||    13
  Eat: Chunk             |       |     6 |    11 |     1 ||    18
       Ration            |       |     1 |       |     1 ||     2
Armor: Scale mail        |    74 |       |       |       ||    74
       Plate armour      |    34 |   357 |   345 |    80 ||   816
Dodge: Dodged            |    83 |   129 |   127 |    27 ||   366
Block: Shield            |     8 |       |       |       ||     8

Table legend:
 A = Spawn XP
 B = Non-spawn XP
 C = Spawn XP percentage of total XP
 D = Spawn monster count
 E = Non-spawn monster count
 F = Spawn count percentage of total count
 G = Total turns spent on level
                    A         B        C        D         E        F      G
               +---------+---------+-------+---------+---------+-------+---------
         Total |       0 |    6007 |   0.0 |       0 |     213 |   0.0 |  8106
               +---------+---------+-------+---------+---------+-------+---------
           D:1 |       0 |      29 |   0.0 |       0 |      18 |   0.0 |   634
           D:2 |       0 |      77 |   0.0 |       0 |      27 |   0.0 |   903
           D:3 |       0 |     111 |   0.0 |       0 |      37 |   0.0 |  1082
           D:4 |       0 |    1380 |   0.0 |       0 |      23 |   0.0 |  1228
           D:5 |       0 |     877 |   0.0 |       0 |      28 |   0.0 |   839
           D:6 |       0 |     723 |   0.0 |       0 |      10 |   0.0 |   486
           D:7 |       0 |    1062 |   0.0 |       0 |      25 |   0.0 |  1449
           D:8 |       0 |    1402 |   0.0 |       0 |      17 |   0.0 |   853
         Sewer |       0 |     346 |   0.0 |       0 |      28 |   0.0 |   632
               +---------+---------+-------+---------+---------+-------+---------

Vault maps used:
D:1:      onia_arrival_mini_spirals
D:2:      lemuel_round_altar, grunt_temple_overflow_open,
          chequers_ecumenical_altar_simple_redux
D:3:      wad_river_or_something, first_ration, cheibrodos_sewer_entry_bend,
          minmay_misc_feat_iff
D:4:      hex_large, minmay_crossroads, uniq_pikel, uniq_robin
D:5:      cheibrodos_fzero, led_xom_imps
D:6:      grunt_decor_cap, okawaru_trees_2, uniq_eustachio, uniq_edmund
D:7:      temple_hall, serial_shops, shop_scrolls, uniq_crazy_yiuf_cottage
D:8:      kennysheep_steamy, uniq_maurice
Sewer:    sewer_co_tree

Table legend:
 A = Turns spent in this place as a percentage of turns spent in the entire game.
 B = Non-inter-level travel turns spent in this place as a percentage of non-inter-level travel turns spent in the entire game.
 C = Inter-level travel turns spent in this place as a percentage of turns spent in this place.
 D = Turns resting spent in this place as a percentage of non-inter-level travel turns spent in this place.
 E = Turns spent auto-exploring this place as a percentage of non-inter-level travel turns spent in this place.
 F = Non-inter-level travel turns spent in this place divided by the number of levels of this place that you've seen.
                   A       B       C       D       E      F
               +-------+-------+-------+-------+-------+----------------------
         Total | 100.0 | 100.0 |   2.8 |  16.1 |  60.2 | 875.4
       Dungeon |  92.2 |  92.0 |   3.0 |  17.5 |  60.5 | 905.9
         Sewer |   7.8 |   8.0 |   0.0 |   0.0 |  56.5 | 632.0
               +-------+-------+-------+-------+-------+----------------------

Table legend:
 A = Kills in this place as a percentage of kills in entire the game.
 B = Kills by you in this place as a percentage of kills by you in the entire game.
 C = Kills by friends in this place as a percentage of kills by friends in the entire game.
 D = Other kills in this place as a percentage of other kills in the entire game.
 E = Experience gained in this place as a percentage of experience gained in the entire game.
 F = Experience gained in this place divided by the number of levels of this place that you have seen.
                   A       B       C       D       E      F
               +-------+-------+-------+-------+-------+----------------------
         Total | 100.0 | 100.0 |   N/A |   N/A | 100.0 | 667.4
       Dungeon |  86.9 |  86.9 |   N/A |   N/A |  94.2 | 707.6
         Sewer |  13.1 |  13.1 |   N/A |   N/A |   5.8 | 346.0
               +-------+-------+-------+-------+-------+----------------------
